 Dungeon Sprint DCSS version 0.20-a0-550-gf70bbbc (webtiles) character file.

114 Borgoz the Ruffian (level 4, -13/48 HPs)
             Began as a Troll Assassin on Feb 2, 2017.
             Was an Initiate of Dithmenos.
             Mangled by a two-headed ogre
             ... wielding a +0 giant club
              (34 damage)
             ... in the Dungeon (Sprint IX: "|||||||||||||||||||||||||||||").
             The game lasted 00:02:10 (166 turns).

Borgoz the Ruffian (Troll Assassin)                  Turns: 166, Time: 00:02:11

Health: -13/48     AC:  6    Str: 20    XL:     4   Next: 67%
Magic:  3/3        EV: 15    Int:  7    God:    Dithmenos [......]
Gold:   0          SH:  0    Dex: 11    Spells: 3/3 levels left

rFire    . . .     SeeInvis .   a - +2 dagger
rCold    . . .     Gourm    +   c - +0 robe
rNeg     . . .     Faith    .   (no shield)
rPois    .         Spirit   .   (helmet restricted)
rElec    .         Reflect  .   d - +0 cloak
rCorr    .         Harm     .   (gloves unavailable)
MR       .....     NoTele   +   (boots unavailable)
Stlth    ++........             (no amulet)
Regen    0.6/turn               u - +2 ring of evasion
                                t - +2 ring of evasion

@: invisible
A: unfitting armour, claws 3, fast metabolism 3, gourmand, regeneration 1,
shaggy fur 1, tough skin 2
a: Renounce Religion


You were in the Dungeon.
You worshipped Dithmenos.
Dithmenos was noncommittal.
You were not hungry.

You visited 1 branch

Inventory:

Hand Weapons
 a - a +2 dagger (weapon)
 b - a +0 blowgun
 s - a +2 vampiric rapier
Missiles
 e - 8 poisoned needles
 f - 2 curare-tipped needles
Armour
 c - a +0 robe (worn)
 d - a +0 cloak (worn)
Jewellery
 t - a +2 ring of evasion (left claw)
 u - a +2 ring of evasion (right claw)
Wands
 q - a wand of acid (7/15)
Scrolls
 m - 2 scrolls of blinking
 o - 3 scrolls of remove curse
 p - 2 scrolls of amnesia
Potions
 h - 5 potions of curing
 i - 2 potions of heal wounds
 j - a potion of haste
 k - 4 potions of magic
 l - a potion of berserk rage
Comestibles
 g - 2 bread rations


   Skills:
 + Level 3.7 Fighting
 + Level 1.5 Short Blades
 - Level 1.7 Throwing
 + Level 3.1 Armour
 + Level 3.4 Dodging
 + Level 3.3 Stealth
 - Level 4.0 Unarmed Combat


You had 3 spell levels left.
You didn't know any spells.

Dungeon Overview and Level Annotations

Branches:
Dungeon (1/1)

Altars:
Cheibriados
Dithmenos
Elyvilon
Fedhas
Gozag
Hepliaklqana
Kikubaaqudgha
Makhleb
Nemelex Xobeh
Okawaru
Qazlal
Ru
Sif Muna
Trog
Uskayaw
Vehumet
Xom
Yredelemnul
Zin
The Shining One
Beogh
Jiyva
Lugonu


Innate Abilities, Weirdness & Mutations

You are too large for most types of armour.
You have claws for hands.
Your metabolism is lightning-fast.
You like to eat raw meat.
Your natural rate of healing is unusually fast.
You are covered in fur. (AC +1)
You have very tough skin. (AC +2)


Message History

You open the door. 2 hounds, 2 orcs, a two-headed ogre and a shadow imp come into view.
An orc wizard is wielding an antimagic dagger.
The shadow imp shouts, "Slither home, thou erky moldwarp efter!"
The orc shouts!
You barely miss the two-headed ogre. The two-headed ogre barely misses you.
The two-headed ogre hits you but does no damage.
The hound barks!
The orc wizard shouts!
The hound barks!
You hit the two-headed ogre but do no damage.
The hound pauses to sniff the ground.
You barely miss the two-headed ogre.
The two-headed ogre hits you with a giant club! x2
You feel much better.
The orc wizard casts a spell.
The orc wizard seems to speed up.
The two-headed ogre misses you.
The two-headed ogre hits you with a giant club!
You fade into invisibility!
The two-headed ogre hits you with a giant club!!
Ouch! That really hurt!
You die... ▓▓▓▓▓▓▓▓▓▓▓▓▓▓▓▓▓▓▓▓▓▓▓▓ ______.'..|)[.[.@Oh5ooh. ▓▓▓▓▓▓▓▓▓▓▓▓▓▓▓▓▓▓▓▓▓▓▓▓

You could see a two-headed ogre, 2 hounds, an orc wizard, a shadow imp and an orc.

Vanquished Creatures
  A necrophage (D)
  An adder (D)
  A shadow imp (D)
  An adder zombie (D)
  A leopard gecko (D)
  A goblin (D)
  2 kobolds (D)
  2 rats (D)
10 creatures vanquished.

Notes
Turn   | Place    | Note
-------+----------+-------------------------------------------
     0 | D        | Borgoz the Troll Assassin began the quest for the Orb.
     0 | D        | Reached XP level 1. HP: 19/19 MP: 0/0
     8 | D        | Reached skill level 1 in Dodging
    13 | D        | Reached skill level 1 in Armour
    13 | D        | Reached skill level 1 in Unarmed Combat
    28 | D        | Noticed a necrophage
    38 | D        | Reached XP level 2. HP: 23/28 MP: 1/1
    42 | D        | Killed a necrophage
    42 | D        | Reached skill level 3 in Unarmed Combat
    42 | D        | Reached XP level 3. HP: 30/36 MP: 2/2
    42 | D        | Reached XP level 4. HP: 37/44 MP: 3/3
    51 | D        | Reached skill level 4 in Unarmed Combat
    70 | D        | Found a roughly hewn altar of Beogh.
    70 | D        | Found a snail-covered altar of Cheibriados.
    70 | D        | Found a shadowy altar of Dithmenos.
    70 | D        | Found a white marble altar of Elyvilon.
    70 | D        | Found a blossoming altar of Fedhas.
    70 | D        | Found an opulent altar of Gozag.
    71 | D        | Found a hazy altar of Hepliaklqana.
    72 | D        | Found a viscous altar of Jiyva.
    73 | D        | Found an ancient bone altar of Kikubaaqudgha.
    74 | D        | Found a corrupted altar of Lugonu.
    75 | D        | Found a burning altar of Makhleb.
    76 | D        | Found a sparkling altar of Nemelex Xobeh.
    77 | D        | Found an iron altar of Okawaru.
    78 | D        | Found a stormy altar of Qazlal.
    79 | D        | Found a sacrificial altar of Ru.
    80 | D        | Found a deep blue altar of Sif Muna.
    81 | D        | Found a bloodstained altar of Trog.
    82 | D        | Found a hide-covered altar of Uskayaw.
    83 | D        | Found a radiant altar of Vehumet.
    84 | D        | Found a shimmering altar of Xom.
    85 | D        | Found a basalt altar of Yredelemnul.
    86 | D        | Found a glowing silver altar of Zin.
    87 | D        | Found a glowing golden altar of the Shining One.
   111 | D        | Became a worshipper of Dithmenos the Shadowed
   161 | D        | Noticed a two-headed ogre
   166 | D        | Mangled by a two-headed ogre

Vault maps used:
D:        linesprint

Skill      XL: |  1  2  3  4 |
---------------+-------------+-----
Dodging        | 1 3 |  3.4
Armour         | 1 3 |  3.1
Unarmed Combat | 1 3 4 |  4.0
Fighting       | 2 3 |  3.7
Stealth        | 3 |  3.3
Short Blades   | |  1.5
Throwing       | |  1.7

Action                   |  1- 3 |  4- 6 || total
-------------------------+-------+-------++-------
Melee: Unarmed           |    29 |     9 ||    38
       Dagger            |       |     3 ||     3
  Use: Potion            |       |     2 ||     2
Armor: Robe              |     9 |     2 ||    11
Dodge: Dodged            |     6 |     7 ||    13
